NCAA
TEXAS A&M AGGIES @ NORTH CAROLINA TARHEELS
04/13/2060
 
TOP OF THE 1ST
Texas A&M Aggies batting - Pitching for North Carolina Tarheels : LHP Mark Byrd
Pitching: LHP Mark Byrd
Batting: LHB Chase Dykes 0-0: Ball
1-0: Called Strike
1-1: Foul Ball, location: 2F
1-2: Foul Ball, location: 2F
1-2: Strikes out swinging
Batting: RHB Derick Murphy 0-0: Ball
1-0: Foul Ball, location: 2F
1-1: Ball
2-1: Fly out, F7 (Flyball, 78S, EV 88.1 MPH)
Batting: RHB Nolan Ardizzone 0-0: Foul Ball, location: 2F
0-1: Ball
1-1: SINGLE (Groundball, 6MD, EV 105.0 MPH)
Batting: RHB Benny McConnell 0-0: Ball
1-0: Ball
2-0: Ground out 5-3 (Groundball, 5S, EV 85.0 MPH)
Top of the 1st over - 0 runs, 1 hit, 0 errors, 1 left on base; Texas A&M 0 - North Carolina 0
BOTTOM OF THE 1ST
North Carolina Tarheels batting - Pitching for Texas A&M Aggies : LHP Dominick Belk
Pitching: LHP Dominick Belk
Batting: LHB Dave France 0-0: Foul Ball, location: 2F
0-1: Ball
1-1: Ball
2-1: Fly out, F6 (Popup, 6, EV 57.5 MPH)
Batting: RHB Koby Thomas 0-0: Ball
1-0: Foul Ball, location: 2F
1-1: Ball
2-1: Ball
3-1: Fly out, F9 (Line Drive, 9S, EV 91.9 MPH)
Batting: RHB Dominic Bedolla 0-0: Called Strike
0-1: Fly out, F7 (Flyball, 7D, EV 95.0 MPH)
Bottom of the 1st over - 0 runs, 0 hits, 0 errors, 0 left on base; Texas A&M 0 - North Carolina 0
TOP OF THE 2ND
Texas A&M Aggies batting - Pitching for North Carolina Tarheels : LHP Mark Byrd
Batting: RHB Amonte Ocampo 0-0: Called Strike
0-1: Ball
1-1: Fly out, F3 (Popup, 3F, EV 66.9 MPH)
Batting: RHB Nathan Blanchette 0-0: Swinging Strike
0-1: Called Strike
0-2: Foul Ball, location: 2F
0-2: Ball
1-2: Ground out U3 (Groundball, 34, EV 79.4 MPH)
Batting: SHB Gage Wessels 0-0: Swinging Strike
0-1: Ball
1-1: Ball
2-1: Ball
3-1: Base on Balls
Batting: RHB Jeremy Stegall 0-0: Called Strike
0-1: Ball
1-1: Foul Ball, location: 2F
1-2: Foul Ball, location: 2F
1-2: Ball
2-2: Ball
3-2: Foul Ball, location: 2F
3-2: Strikes out swinging
Top of the 2nd over - 0 runs, 0 hits, 0 errors, 1 left on base; Texas A&M 0 - North Carolina 0
BOTTOM OF THE 2ND
North Carolina Tarheels batting - Pitching for Texas A&M Aggies : LHP Dominick Belk
Batting: LHB Jeromy Cardenas 0-0: Called Strike
0-1: Fly out, F8 (Flyball, 78XD, EV 99.4 MPH)
Batting: RHB Julian Ray 0-0: Ball
1-0: Ball
2-0: Swinging Strike
2-1: Foul Ball, location: 2F
2-2: Ball
3-2: Base on Balls
Batting: RHB Kenny Tirpak 0-0: Ball
1-0: Called Strike
1-1: Grounds into double play, 6-4-3 (Groundball, 6, EV 81.2 MPH)
Bottom of the 2nd over - 0 runs, 0 hits, 0 errors, 0 left on base; Texas A&M 0 - North Carolina 0
TOP OF THE 3RD
Texas A&M Aggies batting - Pitching for North Carolina Tarheels : LHP Mark Byrd
Batting: LHB Les Benitez 0-0: Ball
1-0: Called Strike
1-1: Swinging Strike
1-2: Ball
2-2: Ball
3-2: Strikes out swinging, 2-3 out at first.
Batting: LHB Chase Dykes 0-0: SINGLE (Line Drive, 8RS, EV 100.0 MPH)
Batting: RHB Derick Murphy 0-0: Ball
1-0: Ball
2-0: Foul Ball, location: 2F
2-1: Ball
3-1: Called Strike
3-2: Strikes out swinging
Batting: RHB Nolan Ardizzone 0-0: Called Strike
Chase Dykes is caught stealing 2nd base 2-4
Top of the 3rd over - 0 runs, 1 hit, 0 errors, 0 left on base; Texas A&M 0 - North Carolina 0
BOTTOM OF THE 3RD
North Carolina Tarheels batting - Pitching for Texas A&M Aggies : LHP Dominick Belk
Batting: RHB Timothy Williams 0-0: Called Strike
0-1: Foul Ball, location: 2F
0-2: Foul Ball, location: 2F
0-2: Foul Ball, location: 2F
0-2: Ball
1-2: Strikes out swinging
Batting: RHB Lance Fearing 0-0: Ball
1-0: Ball
2-0: Ground out 4-3 (Groundball, 4, EV 84.4 MPH)
Batting: RHB Chase Adams 0-0: Ball
1-0: Ball
2-0: Called Strike
2-1: Fly out, F8 (Flyball, 8RM, EV 80.6 MPH)
Bottom of the 3rd over - 0 runs, 0 hits, 0 errors, 0 left on base; Texas A&M 0 - North Carolina 0
TOP OF THE 4TH
Texas A&M Aggies batting - Pitching for North Carolina Tarheels : LHP Mark Byrd
Batting: RHB Nolan Ardizzone 0-0: Called Strike
0-1: Foul Ball, location: 2F
0-2: Ball
1-2: SINGLE (Line Drive, 8RS, EV 110.0 MPH)
Batting: RHB Benny McConnell 0-0: Fly out, F7 (Line Drive, 7, EV 90.6 MPH)
Batting: RHB Amonte Ocampo 0-0: Called Strike
0-1: SINGLE (Line Drive, 89M, EV 103.1 MPH)
Nolan Ardizzone to second
Batting: RHB Nathan Blanchette 0-0: Ball
1-0: Swinging Strike
1-1: Grounds into double play, 5-4-3 (Groundball, 56, EV 91.2 MPH)
Top of the 4th over - 0 runs, 2 hits, 0 errors, 1 left on base; Texas A&M 0 - North Carolina 0
BOTTOM OF THE 4TH
North Carolina Tarheels batting - Pitching for Texas A&M Aggies : LHP Dominick Belk
Pinch Hitting: RHB Erik Peterson 0-0: Called Strike
0-1: SINGLE (Groundball, 5S, EV 71.2 MPH) (infield hit)
Batting: RHB Koby Thomas 0-0: Called Strike
0-1: Ball
1-1: Ball
2-1: Foul Ball, location: 2F
2-2: Ball
3-2: Foul Ball, location: 2F
3-2: Strikes out swinging
Batting: RHB Dominic Bedolla 0-0: Called Strike
0-1: Fly out, F9 (Flyball, 89D, EV 96.9 MPH)
Batting: LHB Jeromy Cardenas 0-0: Fly out, F9 (Flyball, 89S, EV 94.4 MPH)
Bottom of the 4th over - 0 runs, 1 hit, 0 errors, 1 left on base; Texas A&M 0 - North Carolina 0
TOP OF THE 5TH
Texas A&M Aggies batting - Pitching for North Carolina Tarheels : LHP Mark Byrd
Now in RF: Craig Bruce
Batting: SHB Gage Wessels 0-0: Called Strike
0-1: Foul Ball, location: 2F
0-2: SINGLE (Groundball, 4, EV 95.0 MPH)
Batting: RHB Jeremy Stegall 0-0: Called Strike
0-1: Called Strike
0-2: Ball
1-2: Ball
2-2: Foul Ball, location: 2F
2-2: Fly out, F3 (Line Drive, 3L, EV 65.0 MPH)
Lined into DP, U3 (Line Drive, 3L, EV 64.4 MPH)
Batting: LHB Les Benitez 0-0: Fly out, F8 (Line Drive, 8LD, EV 98.8 MPH)
Top of the 5th over - 0 runs, 1 hit, 0 errors, 0 left on base; Texas A&M 0 - North Carolina 0
BOTTOM OF THE 5TH
North Carolina Tarheels batting - Pitching for Texas A&M Aggies : LHP Dominick Belk
Batting: RHB Julian Ray 0-0: Ball
1-0: Ball
2-0: SINGLE (Line Drive, 3D, EV 99.4 MPH)
Batting: RHB Kenny Tirpak 0-0: Ball
Julian Ray is caught stealing 2nd base 2-4
1-0: Ball
2-0: SINGLE (Line Drive, 78S, EV 103.1 MPH)
Batting: RHB Timothy Williams 0-0: Called Strike
0-1: Foul Ball, location: 2F
0-2: Strikes out swinging
Batting: RHB Lance Fearing 0-0: Ball
1-0: Called Strike
1-1: Ball
2-1: Fielders Choice at 2nd, 6-4 (Groundball, 6, EV 102.5 MPH)
Bottom of the 5th over - 0 runs, 2 hits, 0 errors, 1 left on base; Texas A&M 0 - North Carolina 0
TOP OF THE 6TH
Texas A&M Aggies batting - Pitching for North Carolina Tarheels : LHP Mark Byrd
Batting: LHB Chase Dykes 0-0: Swinging Strike
0-1: Ball
1-1: Fly out, F6 (Popup, 15, EV 78.8 MPH)
Batting: RHB Derick Murphy 0-0: Called Strike
0-1: Ball
1-1: Foul Ball, location: 2F
1-2: Strikes out swinging
Batting: RHB Nolan Ardizzone 0-0: Called Strike
0-1: Foul Ball, location: 2F
0-2: Ball
1-2: Ground out 6-3 (Groundball, 6D, EV 84.4 MPH)
Top of the 6th over - 0 runs, 0 hits, 0 errors, 0 left on base; Texas A&M 0 - North Carolina 0
BOTTOM OF THE 6TH
North Carolina Tarheels batting - Pitching for Texas A&M Aggies : LHP Dominick Belk
Batting: RHB Chase Adams 0-0: Called Strike
0-1: Swinging Strike
0-2: Ground out 6-3 (Groundball, 6S, EV 90.6 MPH)
Batting: RHB Craig Bruce 0-0: Ball
1-0: Ball
2-0: Called Strike
2-1: Foul Ball, location: 2F
2-2: Foul Ball, location: 2F
2-2: Foul Ball, location: 2F
2-2: Foul Ball, location: 2F
2-2: Ball
3-2: SOLO HOME RUN (Flyball, 7D, EV 101.2 MPH), Distance : 395 ft
Batting: RHB Koby Thomas 0-0: Ball
1-0: Ball
2-0: Called Strike
2-1: Fly out, F8 (Flyball, 78S, EV 94.4 MPH)
Batting: RHB Dominic Bedolla 0-0: Swinging Strike
0-1: Fly out, F7 (Line Drive, 7LM, EV 95.6 MPH)
Bottom of the 6th over - 1 run, 1 hit, 0 errors, 0 left on base; Texas A&M 0 - North Carolina 1
TOP OF THE 7TH
Texas A&M Aggies batting - Pitching for North Carolina Tarheels : LHP Mark Byrd
Pitching: RHP Bryce Barnett
Batting: RHB Benny McConnell 0-0: Called Strike
0-1: Ground out 5-3 (Groundball, 56S, EV 72.5 MPH)
Batting: RHB Amonte Ocampo 0-0: Ball
1-0: Foul Ball, location: 2F
1-1: Ball
2-1: Foul Ball, location: 2F
2-2: Foul Ball, location: 2F
2-2: Ball
3-2: Foul Ball, location: 2F
3-2: Foul Ball, location: 2F
3-2: SINGLE (Line Drive, 8RS, EV 91.2 MPH)
Batting: RHB Nathan Blanchette 0-0: Foul Ball, location: 2F
0-1: Foul Ball, location: 2F
0-2: Strikes out swinging
Batting: SHB Gage Wessels 0-0: Called Strike
Amonte Ocampo is caught stealing 2nd base 2-6
Top of the 7th over - 0 runs, 1 hit, 0 errors, 0 left on base; Texas A&M 0 - North Carolina 1
BOTTOM OF THE 7TH
North Carolina Tarheels batting - Pitching for Texas A&M Aggies : LHP Dominick Belk
Batting: LHB Jeromy Cardenas 0-0: Called Strike
0-1: Ball
1-1: Ball
2-1: Ball
3-1: Base on Balls
Batting: RHB Julian Ray 0-0: Ball
1-0: Foul Ball, location: 2F
1-1: Hit by Pitch
Jeromy Cardenas to second
Pitching: RHP Sullivan Beck
Batting: RHB Kenny Tirpak 0-0: Bunted foul
0-1: Sac Bunt to 3S - play at first, batter OUT! 3-1
Jeromy Cardenas to third
Julian Ray to second
Batting: RHB Timothy Williams 0-0: Swinging Strike
0-1: Ball
1-1: Ball
2-1: Foul Ball, location: 2F
2-2: Strikes out swinging
Batting: RHB Lance Fearing 0-0: TRIPLE (Line Drive, 9LD, EV 110.6 MPH)
Jeromy Cardenas scores
Julian Ray scores
Batting: RHB Chase Adams 0-0: Ground out 6-3 (Groundball, 6D, EV 75.6 MPH)
Bottom of the 7th over - 2 runs, 1 hit, 0 errors, 1 left on base; Texas A&M 0 - North Carolina 3
TOP OF THE 8TH
Texas A&M Aggies batting - Pitching for North Carolina Tarheels : RHP Bryce Barnett
Pitching: LHP Griff Iwata
Batting: SHB Gage Wessels 0-0: Ball
1-0: Ball
2-0: Ball
3-0: Called Strike
3-1: Called Strike
3-2: SOLO HOME RUN (Flyball, 7D, EV 96.2 MPH), Distance : 390 ft
Batting: RHB Jeremy Stegall 0-0: Ball
1-0: Called Strike
1-1: Fly out, F8 (Flyball, 8LM, EV 90.0 MPH)
Pinch Hitting: RHB Mickey Beck 0-0: Ball
1-0: Ball
2-0: Ball
3-0: Base on Balls
Batting: LHB Chase Dykes 0-0: Called Strike
0-1: Ball
1-1: Swinging Strike
1-2: Foul Ball, location: 2F
1-2: Ball
2-2: Ball
3-2: SINGLE (Groundball, 5D, EV 101.2 MPH)
Mickey Beck to second
Batting: RHB Derick Murphy 0-0: Fielders Choice at 2nd, 6-4 (Groundball, 6, EV 96.2 MPH)
Mickey Beck to third
Batting: RHB Nolan Ardizzone 0-0: Foul Ball, location: 2F
0-1: Called Strike
0-2: Ball
1-2: Ball
2-2: SINGLE (Line Drive, 7S, EV 90.6 MPH)
Mickey Beck scores
Derick Murphy to second
Batting: RHB Benny McConnell 0-0: Ball
1-0: Foul Ball, location: 2F
1-1: Foul Ball, location: 2F
1-2: Fly out, F3 (Popup, 3, EV 78.1 MPH)
Top of the 8th over - 2 runs, 3 hits, 0 errors, 2 left on base; Texas A&M 2 - North Carolina 3
BOTTOM OF THE 8TH
North Carolina Tarheels batting - Pitching for Texas A&M Aggies : RHP Sullivan Beck
Now in RF: Bobby Reed
Batting: RHB Craig Bruce 0-0: Swinging Strike
0-1: Fly out, F8 (Line Drive, 89D, EV 92.5 MPH)
Batting: RHB Koby Thomas 0-0: Ball
1-0: Foul Ball, location: 2F
1-1: Fly out, F8 (Line Drive, 8RD, EV 93.1 MPH)
Batting: RHB Dominic Bedolla 0-0: Ball
1-0: Ball
2-0: Ball
3-0: Called Strike
3-1: Base on Balls
Pitching: LHP Jamie Eickhoff
Batting: LHB Jeromy Cardenas 0-0: Called Strike
0-1: Swinging Strike
0-2: SINGLE (Line Drive, 3L, EV 96.9 MPH)
Dominic Bedolla to second
Runner from 2nd tries for 3rd, SAFE, throw by RF made to third
Pitching: RHP Xavier Stoveken
Batting: RHB Julian Ray 0-0: Called Strike
0-1: Ground out 6-3 (Groundball, 4M, EV 105.6 MPH)
Bottom of the 8th over - 0 runs, 1 hit, 0 errors, 2 left on base; Texas A&M 2 - North Carolina 3
TOP OF THE 9TH
Texas A&M Aggies batting - Pitching for North Carolina Tarheels : LHP Griff Iwata
Pitching: RHP Iziah Walker
Now at 1B: Ricky Vance
Batting: RHB Amonte Ocampo 0-0: Ball
1-0: Called Strike
1-1: Foul Ball, location: 2F
1-2: Ball
2-2: Ball
3-2: Base on Balls
Pinch Hitting: LHB Jakob Kilpatrick 0-0: Called Strike
Amonte Ocampo steals 2nd base
0-1: Ball
1-1: Fly out, F4 (Popup, 34S, EV 76.9 MPH)
Batting: SHB Gage Wessels 0-0: Ground out 5-3 (Groundball, 56, EV 85.6 MPH)
Pinch Hitting: RHB Christopher Wheat 0-0: Foul Ball, location: 2F
0-1: Swinging Strike
0-2: Foul Ball, location: 2F
0-2: Ball
1-2: Ball
2-2: Foul Ball, location: 2F
2-2: Ball
3-2: Foul Ball, location: 2F
3-2: Base on Balls
Batting: RHB Bobby Reed 0-0: Ball
1-0: Swinging Strike
1-1: Foul Ball, location: 2F
1-2: Strikes out swinging
Top of the 9th over - 0 runs, 0 hits, 0 errors, 2 left on base; Texas A&M 2 - North Carolina 3
Saturday, April 27th , 2024 - OOTP Baseball 23.10 Build 110